 Dungeon Crawl Stone Soup version 0.31.0-11-ge490571c62 (webtiles) character file.

Game seed: 4990080175322879189

387 qw the Skirmisher (level 6, -4/36 HPs)
             Began as a Deep Elf Hunter on Feb 5, 2024.
             Was an Initiate of Okawaru.
             Slain by a gnoll
             ... wielding a +0 halberd
             ... led by a gnoll bouda
              (9 damage)
             ... on level 5 of the Dungeon.
             The game lasted 00:01:30 (3354 turns).

qw the Skirmisher (Deep Elf Hunter)                 Turns: 3354, Time: 00:01:30

Health: -4/36      AC:  9    Str: 10    XL:     6   Next: 49%
Magic:  8/8        EV: 12    Int: 14    God:    Okawaru [......]
Gold:   125        SH:  5    Dex: 18    Spells: 5/5 levels left

rFire   + . .        a - +0 shortbow
rCold   . . .        (shield currently unavailable)
rNeg    . . .        m - +2 leather armour {rF+}
rPois   +            c - +0 helmet
rElec   .            (no cloak)
rCorr   .            l - +2 pair of gloves
SInv    +            (no boots)
Will    .....        e - amulet of reflection
Stlth   ++           k - ring of poison resistance
HPRegen 0.26/turn    d - ring of see invisible
MPRegen 0.11/turn

%: reflection
@: no status effects
A: no striking features
a: Renounce Religion


You were on level 5 of the Dungeon.
You worshipped Okawaru.
Okawaru was noncommittal.
You visited 2 branches of the dungeon, and saw 6 of its levels.

You collected 169 gold pieces.
You spent 44 gold pieces at shops.


   Skills:
 - Level 2.4 Fighting
 + Level 9.7 Ranged Weapons
 - Level 3.0 Dodging
 - Level 1.2 Stealth


You had 5 spell levels left.
You didn't know any spells.
Your spell library was empty.

Inventory:

Hand Weapons
 a - a +0 shortbow (weapon)
Armour
 b - a +0 ring mail
 c - a +0 helmet (worn)
 l - a +2 pair of gloves (worn)
 m - a +2 leather armour of fire resistance (worn)
Jewellery
 d - a ring of see invisible (right hand)
 e - an amulet of reflection (around neck)
 i - a ring of poison resistance
 k - a ring of poison resistance (left hand)
Potions
 g - 9 potions of curing
 j - a potion of brilliance {unknown}

Dungeon Overview and Level Annotations

Branches:
Dungeon (5/15)             Temple (1/1) D:4

Altars:
Ashenzari
Cheibriados
Dithmenos
Elyvilon
Fedhas
Gozag
Hepliaklqana
Kikubaaqudgha
Makhleb
Nemelex Xobeh
Okawaru
Qazlal
Ru
Sif Muna
Trog
Uskayaw
Vehumet
Wu Jian
Yredelemnul
Zin
The Shining One

Shops:
D:2 [

Annotations:
D:4 3 runed translucent doors, qw's ghost, amateur SpHu


Message History

You block the sleepcap's attack. The gnoll bouda misses you.
You shoot an arrow. The arrow hits the sleepcap.
The sleepcap is moderately damaged.
The gnoll hits you from afar with a +0 halberd.
The gnoll bouda closely misses you.
The sleepcap releases spores at you but does no damage.
You shoot an arrow. The arrow hits the sleepcap.
The sleepcap is heavily damaged.
The gnoll closely misses you.
You shoot an arrow. The arrow hits the sleepcap!
The sleepcap is almost destroyed.
The gnoll bouda hits you with a +0 whip!
You block the sleepcap's attack. The gnoll hits you but does no damage.
You shoot an arrow. The arrow hits the sleepcap!
You destroy the sleepcap!
Okawaru accepts your kill.
You hear a shout!
The gnoll is no longer moving quickly.
The gnoll bouda misses you.
A gnoll comes into view. It is wielding a +0 flail.
You block the gnoll's attack.
You shoot an arrow. The arrow hits the gnoll bouda.
The gnoll bouda is lightly wounded.
The gnoll bouda hits you with a +0 whip.
The quokka bites you. The gnoll misses you.
You shoot an arrow. The arrow hits the gnoll bouda!
The gnoll bouda is heavily wounded.
The quokka closely misses you.
The gnoll bouda hits you with a +0 whip.
You shoot an arrow.
The arrow barely misses the gnoll bouda.
The arrow hits the gnoll!
The gnoll is heavily wounded.
You block the quokka's attack. The gnoll closely misses you.
The gnoll bouda barely misses you.
You shoot an arrow.
The arrow hits the gnoll bouda but does no damage.
The gnoll bouda is heavily wounded.
The quokka bites you but does no damage.
The gnoll hits you from afar with a +0 halberd!
You die...

#..## ....
###g.. g...
#.g. # #..# .#
#.g####..#.##
#.5gg@r......
#..g####......
#.###. #####
.. #? ... ..
## #. #. ..


You could see a gnoll bouda, 3 gnolls, an ufetubus and a quokka.

Vanquished Creatures
  A black bear (D:4)
  A phantom (D:4)
  A howler monkey (D:4)
  A sleepcap (D:5)
  Robin (D:4)
  A gnoll (D:5)
  4 adders
  4 dart slugs
  4 ribbon worms
  6 orcs (D:3)
  7 endoplasms
  5 giant cockroaches
  13 goblins
  6 hobgoblins
  11 jackals
  3 quokkas
  4 ball pythons
  3 bats
  A frilled lizard (D:1)
  5 kobolds
  7 rats
89 creatures vanquished.

Vanquished Creatures (others)
  A frilled lizard (D:2)
1 creature vanquished.

Grand Total: 90 creatures vanquished

Notes
Turn   | Place    | Note
-------+----------+-------------------------------------------
     0 | D:1      | qw the Deep Elf Hunter began the quest for the Orb.
     0 | D:1      | Reached XP level 1. HP: 12/12 MP: 3/3
     0 | D:1      | 0 ||| qw: Version: 0.3-a-160-g6735b56
     0 | D:1      | 0 ||| qw: Game counter: 6181
     0 | D:1      | 0 ||| qw: Melee chars always use a shield: true
     0 | D:1      | 0 ||| qw: God list: Okawaru
     0 | D:1      | 0 ||| qw: Allow faded altars: false
     0 | D:1      | 0 ||| qw: Do Orc after clearing Dungeon:15 true
     0 | D:1      | 0 ||| qw: Do second Lair branch before Depths: true
     0 | D:1      | 0 ||| qw: Lair rune preference: random
     0 | D:1      | 0 ||| qw: Goals: Normal
     0 | D:1      | 0 ||| PLANNING D:1-11
    72 | D:1      | Reached XP level 2. HP: 16/16 MP: 4/4
    85 | D:1      | Reached skill level 6 in Ranged Weapons
   336 | D:1      | Reached XP level 3. HP: 20/20 MP: 5/5
   437 | D:1      | 437 ||| UPGRADING to +0 pair of gloves.
   442 | D:1      | 442 ||| UPGRADING to amulet of reflection.
   447 | D:1      | 447 ||| DROPPING ring of wizardry.
   448 | D:1      | 448 ||| UPGRADING to ring of poison resistance.
   449 | D:1      | 449 ||| READING 2 scrolls labelled PUVYAN MITORR.
   449 | D:1      | 449 ||| ENCHANTING +0 pair of gloves.
   450 | D:1      | 450 ||| READING scroll of enchant armour.
   450 | D:1      | 450 ||| ENCHANTING +1 pair of gloves.
   451 | D:1      | 451 ||| READING scroll labelled VITUINN GO UGG.
   452 | D:1      | 452 ||| READING scroll labelled FIAZAECUT.
   452 | D:1      | 452 ||| IDENTIFYING 4 dark potions
   453 | D:1      | 453 ||| READING scroll labelled UFIFAA NYHICK.
   454 | D:1      | 454 ||| DROPPING scroll of butterflies.
   491 | D:2      | 491 ||| STAIRDANCE
   495 | D:2      | 495 ||| STAIRDANCE
   569 | D:2      | Found Ceuleagoo's Armour Emporium.
   627 | D:2      | 627 ||| SHOPLISTING +0 cloak (49 gold, have 44).
   627 | D:2      | 627 ||| BUYING +0 ring mail (44 gold).
   627 | D:2      | Bought a +0 ring mail for 44 gold pieces
   627 | D:2      | 627 ||| SHOPLISTING +1 helmet of intelligence (181 gold,
                  | have 0).
   627 | D:2      | 627 ||| SHOPLISTING +2 helmet of see invisible (236 gold,
                  | have 0).
   627 | D:2      | 627 ||| SHOPLISTING +2 ring mail of fire resistance (231
                  | gold, have 0).
   652 | D:2      | Reached skill level 7 in Ranged Weapons
   688 | D:2      | 688 ||| FLEEEEING.
   689 | D:2      | 689 ||| FLEEEEING.
   693 | D:2      | 693 ||| FLEEEEING.
   694 | D:2      | 694 ||| FLEEEEING.
   696 | D:2      | 696 ||| FLEEEEING.
   857 | D:2      | Reached XP level 4. HP: 25/25 MP: 6/6
  1009 | D:2      | 1009 ||| UPGRADING to +0 ring mail.
  1019 | D:2      | 1019 ||| DROPPING +0 leather armour.
  1020 | D:2      | 1020 ||| UPGRADING to ring of see invisible.
  1021 | D:2      | 1021 ||| READING scroll of identify.
  1021 | D:2      | 1021 ||| IDENTIFYING lumpy blue potion
  1022 | D:2      | 1022 ||| READING scroll labelled HAOKAIZIACK.
  1023 | D:2      | 1023 ||| DROPPING potion of attraction.
  1325 | D:3      | 1325 ||| RETREEEEATING.
  1485 | D:3      | Reached skill level 8 in Ranged Weapons
  1516 | D:3      | You fall into a shaft and drop 1 floor!
  1541 | D:4      | 1541 ||| UPGRADING to +2 leather armour of fire resistance.
  1551 | D:4      | 1551 ||| READING scroll labelled NEZXUFRO EDOUP.
  2208 | D:3      | 2208 ||| READING scroll of identify.
  2208 | D:3      | 2208 ||| IDENTIFYING white potion
  2209 | D:3      | 2209 ||| READING scroll labelled GOYRHUVOEKK.
  2210 | D:3      | 2210 ||| READING scroll labelled YQONIMUINU.
  2311 | D:3      | 2311 ||| DRINKING 2 lumpy purple potions.
  2312 | D:3      | 2312 ||| DROPPING potion of lignification.
  2410 | D:4      | Noticed a black bear
  2417 | D:4      | HP: 5/25 [black bear (3)]
  2418 | D:4      | 2418 ||| DRINKING potion of heal wounds.
  2421 | D:4      | 2421 ||| RETREEEEATING.
  2422 | D:4      | Killed a black bear
  2423 | D:4      | Reached skill level 9 in Ranged Weapons
  2423 | D:4      | Reached XP level 5. HP: 11/29 MP: 7/7
  2451 | D:4      | 2451 ||| FLEEEEING.
  2486 | D:4      | 2486 ||| FLEEEEING.
  2487 | D:4      | 2487 ||| FLEEEEING.
  2488 | D:4      | 2488 ||| FLEEEEING.
  2500 | D:4      | Noticed Robin
  2504 | D:4      | Killed Robin
  2521 | D:4      | Reached skill level 3 in Dodging
  2553 | D:4      | Noticed a phantom
  2561 | D:4      | Killed a phantom
  2562 | D:4      | Reached XP level 6. HP: 35/36 MP: 8/8
  2578 | D:4      | Found a runed translucent gate.
  2578 | D:4      | Noticed qw's ghost (amateur SpHu)
  2579 | D:4      | Found a runed translucent gate.
  2579 | D:4      | Identified the +5 dagger "Mopt" {freeze, ^Fragile rElec
                  | rN++ Str+2}
  2580 | D:4      | Noticed an orc warrior
  2644 | D:4      | Found a runed translucent gate.
  2694 | D:4      | Found a staircase to the Ecumenical Temple.
  2695 | D:4      | 2695 ||| PLANNING TEMPLE
  2695 | D:4      | 2695 ||| UPGRADING to +0 helmet.
  2704 | Temple   | Entered the Ecumenical Temple
  2705 | Temple   | 2705 ||| PLANNING OKAWARU WORSHIP
  2713 | Temple   | Became a worshipper of Warmaster Okawaru
  2714 | Temple   | 2714 ||| PLANNING D:1-11
  2793 | D:4      | Found a hazy altar of Hepliaklqana.
  2801 | D:4      | Found a burning altar of Makhleb.
  3271 | D:4      | 3271 ||| READING scroll labelled NOAZODWONGA.
  3321 | D:4      | 3321 ||| READING scroll labelled GUOBUZ FOUCAFA.
  3335 | D:5      | Entered Level 5 of the Dungeon
  3336 | D:5      | 3336 ||| RETREEEEATING.
  3339 | D:5      | 3339 ||| RETREEEEATING.
  3341 | D:5      | 3341 ||| RETREEEEATING.
  3351 | D:5      | HP: 8/36 [gnoll bouda/+0 whip (6)]
  3354 | D:5      | Slain by a gnoll

Levels and vault maps discovered:
D:1:      wander_arrival_lonely_grave, layout_rooms
D:2:      layout_rooms, serial_shops, nicolae_shop_advertising_works
          [nicolae_subvault_shop_adworks], minmay_misc_feat_rows,
          minmay_pentomino_s4
D:3:      layout_basic, minmay_misc_feat_plants, minmay_misc_feat_rugged,
          chequers_serial_rivers_marsh, serial_bayou_ford_a,
          chequers_serial_rivers_micro_c
D:4:      layout_loops_ring, mainiacjoe_overflow_big_doors, temple_doors_cd,
          biasface_ghost_orc_armoury, uniq_robin
D:5:      layout_loops_ring, uniq_prince_ribbit1
Temple:   hellmonk_temple_of_storms

Skill      XL: |  1  2  3  4  5 |
---------------+----------------+-----
Ranged Weapons | 6 7 9 |  9.7
Dodging        | 3 |  3.0
Fighting       | 2 |  2.4
Stealth        | |  1.2

Action                     |  1- 3 |  4- 6 || total
---------------------------+-------+-------++-------
   Fire: Shortbow          |   126 |   205 ||   331
    Use: Scroll            |     5 |     8 ||    13
         Potion            |       |     2 ||     2
 Armour: Leather armour    |    35 |    77 ||   112
         Ring mail         |       |    14 ||    14
  Dodge: Dodged            |    37 |    79 ||   116
  Block: Other             |    10 |    37 ||    47
         Reflection        |       |     2 ||     2

Table legend:
 A = Non-vault XP
 B = Vault XP
 C = Vault XP percentage of total XP
 D = Non-vault monster count
 E = Vault monster count
 F = Vault count percentage of total count
                 A         B        C        D         E       F
            +---------+---------+-------+---------+---------+-------
      Total |     504 |      50 |   9.0 |      74 |      15 |  16.9
            +---------+---------+-------+---------+---------+-------
        D:1 |      44 |       0 |   0.0 |      24 |       0 |   0.0
        D:2 |      46 |      17 |  27.0 |      17 |       4 |  19.0
        D:3 |      78 |       0 |   0.0 |      24 |       0 |   0.0
        D:4 |     285 |      33 |  10.4 |       7 |      11 |  61.1
        D:5 |      51 |       0 |   0.0 |       2 |       0 |   0.0
            +---------+---------+-------+---------+---------+-------
